AoeStats
← Samball49

Runestones

507774219Analyzed
1v1 RM · 12d ago on Sep 19, 2026· 26m 30s· 2 players
Game mode
Random Map
Map size
Tiny (2 player)
Population
200
Speed
Normal
Resources
Standard
Victory
Conquest
Starting age
Dark Age
Ending age
Imperial Age
RankedLock teamsTeams togetherTeam positionsShared explorationLock speedFull tech treeHidden civsTurbo modeCheats
Victory
Defeat
🇺🇸 Turks · United States
1326
+17
🇺🇦 Malians · Ukraine
1337
-17
Samball49
9:42 Loom
12:14 Feudal Age
14:00 Horse Collar
14:06 Double-Bit Axe
17:08 Wheelbarrow
21:46 Forging
25:16 Castle Age
25:25 Bloodlines
25:37 Scale Barding Armor
27:18 Chain Barding Armor
26:51 Fletching
Korondo
0:32 Loom
10:32 Feudal Age
11:39 Man-at-Arms
14:40 Double-Bit Axe
16:52 Wheelbarrow
22:15 Castle Age
20:10 Horse Collar
20:35 Stone Mining
21:32 Gold Mining
Connection lost

Rejoining the realm…

Still unreachable

The connection could not be restored.

Session expired

The server has moved on; the page needs a fresh start.